 Dungeon Sprint DCSS version 0.30.1-9-gdf580d7c3d (webtiles) character file.

Game seed: 17065757988253032055

1180 Groucho the Fighter (level 8, 0/81 HPs)
             Began as a Naga Fighter on Oct 18, 2023.
             Was a Priest of Cheibriados.
             Slain by a white ugly thing (8 damage)
             ... in the Dungeon (Sprint IX: "|||||||||||||||||||||||||||||").
             The game lasted 00:02:04 (816 turns).

Groucho the Fighter (Naga Fighter)                   Turns: 816, Time: 00:02:05

Health: 0/81       AC:  9    Str: 27    XL:     8   Next: 42%
Magic:  12/13      EV: 13    Int: 16    God:    Cheibriados [***...]
Gold:   0          SH:  8    Dex: 27    Spells: 7/7 levels left

rFire   . . .        n - +1 broad axe (heavy)
rCold   . . .        c - +0 buckler
rNeg    . . .        p - +1 scale mail
rPois   +            o - +0 helmet
rElec   .            (no cloak)
rCorr   .            (no gloves)
SInv    +            (no barding)
Will    +....        (no amulet)
Stlth   +            b - +3 ring of dexterity
HPRegen 0.33/turn    q - +3 ring of dexterity
MPRegen 0.13/turn

%: no teleportation
@: very slow
A: AC +2, large, see invisible, deformed body, poison resistance, slowness 2,
spit poison 1, naga tail 1
a: Spit Poison, Renounce Religion, Bend Time, Temporal Distortion


You were in the Dungeon.
You worshipped Cheibriados.
Cheibriados was most pleased with you.
You visited 1 branch

Inventory:

Hand Weapons
 a - a +0 flail
 n - a +1 heavy broad axe (weapon)
Armour
 c - a +0 buckler (worn)
 o - a +0 helmet (worn)
 p - a +1 scale mail (worn)
Jewellery
 b - a +3 ring of dexterity (left hand)
 q - a +3 ring of dexterity (right hand)
Wands
 m - a wand of iceblast (10)
Scrolls
 j - a scroll of blinking
 l - 2 scrolls of amnesia
Potions
 d - a potion of might
 e - a potion of curing
 g - a potion of haste
 h - 4 potions of magic


   Skills:
 + Level 8.1 Fighting
 + Level 6.4(7.0) Axes
 - Level 4.2(5.9) Maces & Flails
 + Level 6.8 Armour
 + Level 6.3 Dodging
 + Level 7.6 Shields
 + Level 6.9 Invocations


You had 7 spell levels left.
You didn't know any spells.
Your spell library was empty.

Dungeon Overview and Level Annotations

Branches:
Dungeon (1/1)

Altars:
Cheibriados
Dithmenos
Elyvilon
Fedhas
Gozag
Hepliaklqana
Kikubaaqudgha
Makhleb
Nemelex Xobeh
Okawaru
Qazlal
Ru
Sif Muna
Trog
Uskayaw
Vehumet
Wu Jian
Xom
Yredelemnul
Zin
The Shining One
Jiyva
Lugonu


Innate Abilities, Weirdness & Mutations

Your serpentine skin is tough. (AC +2)
You have supernaturally acute eyesight. (SInv)
Armour fits poorly on your strangely shaped body.
Your system is resistant to poisons. (rPois)
You cover ground very slowly.
You can spit poison.
You have a snake-like lower body.


Message History

The shadow flickers and vanishes for a moment.
The komodo dragon bites you!
Your Axes skill increases to level 6!
Your Dodging skill increases to level 6!
You slash the komodo dragon!
The komodo dragon is lightly wounded.
The komodo dragon closely misses you. The komodo dragon bites you.
Unknown command.
You slash the komodo dragon!
The komodo dragon is heavily wounded.
The komodo dragon bites you!
The orc wizard gestures wildly while chanting.
The orc wizard flickers and vanishes for a moment.
The komodo dragon barely misses you.
You hit the komodo dragon but do no damage.
The komodo dragon is heavily wounded.
The komodo dragon bites you!!
You are too injured to fight recklessly!
You are too injured to fight recklessly!
You carve the komodo dragon like a ham!!!
You kill the komodo dragon!
Cheibriados appreciates the change of pace.
Cheibriados raises the support of your attributes as your movement slows.
You block the white ugly thing's attack.
Your Fighting skill increases to level 8!
Unknown command.
Unknown command.
Unknown command.
Unknown command.
You slice the white ugly thing!!
The white ugly thing is moderately wounded.
The white ugly thing closely misses you.
You slice the white ugly thing!!
The white ugly thing is severely wounded.
The white ugly thing headbutts you.
* * * LOW HITPOINT WARNING * * *
The white ugly thing freezes you!
* * * LOW HITPOINT WARNING * * *
The white ugly thing headbutts you!
You die...

▓.▓
▓.▓
▓.▓
▓h▓
▓W▓
▓o▓
▓u▓
▓@▓
▓.▓
▓.▓
▓.▓
▓.▓
▓.▓
▓'▓
▓.▓
▓.▓


You could see a white ugly thing, a black bear, a shadow (invisible) and an orc
wizard (invisible).

Vanquished Creatures
  A komodo dragon (D)
  A wyvern (D)
  A vampire (D)
  A yak (D)
  A wraith (D)
  A vampire mosquito (D)
  A centaur (D)
  A killer bee (D)
  A hound (D)
  A gnoll bouda (D)
  A gnoll (D)
  An adder (D)
  A dart slug (D)
  An orc (D)
  2 goblins (D)
  A hobgoblin (D)
  A kobold (D)
18 creatures vanquished.

Notes
Turn   | Place    | Note
-------+----------+-------------------------------------------
     0 | D        | Groucho the Naga Fighter began the quest for the Orb.
     0 | D        | Reached XP level 1. HP: 21/21 MP: 1/1
    17 | D        | Reached skill level 1 in Dodging
    17 | D        | Reached XP level 2. HP: 24/28 MP: 2/2
    32 | D        | Reached skill level 4 in Fighting
    32 | D        | Reached XP level 3. HP: 36/36 MP: 3/3
    51 | D        | Reached XP level 4. HP: 29/45 MP: 4/4
    71 | D        | Found a snail-covered altar of Cheibriados.
    71 | D        | Found a shadowy altar of Dithmenos.
    71 | D        | Found a white marble altar of Elyvilon.
    71 | D        | Found a blossoming altar of Fedhas.
    71 | D        | Found an opulent altar of Gozag.
    72 | D        | Found a hazy altar of Hepliaklqana.
    73 | D        | Found a viscous altar of Jiyva.
    74 | D        | Found an ancient bone altar of Kikubaaqudgha.
    75 | D        | Became a worshipper of Cheibriados the Contemplative
    76 | D        | Found a corrupted altar of Lugonu.
    77 | D        | Found a burning altar of Makhleb.
    78 | D        | Found a sparkling altar of Nemelex Xobeh.
    79 | D        | Found an iron altar of Okawaru.
    80 | D        | Found a stormy altar of Qazlal.
    81 | D        | Found a sacrificial altar of Ru.
    82 | D        | Found a shimmering blue altar of Sif Muna.
    83 | D        | Found a bloodstained altar of Trog.
    84 | D        | Found a hide-covered altar of Uskayaw.
    85 | D        | Found a radiant altar of Vehumet.
    86 | D        | Found an ornate altar of the Wu Jian Council.
    87 | D        | Found a shimmering altar of Xom.
    88 | D        | Found a basalt altar of Yredelemnul.
    89 | D        | Found a glowing silver altar of Zin.
    90 | D        | Found a glowing golden altar of the Shining One.
   137 | D        | Noticed a vampire mosquito
   137 | D        | Noticed a wyvern
   137 | D        | Noticed a vampire
   137 | D        | Noticed a wraith
   137 | D        | Noticed a yak
   140 | D        | Killed a yak
   141 | D        | Reached skill level 5 in Fighting
   141 | D        | Reached skill level 5 in Shields
   141 | D        | Reached XP level 5. HP: 31/55 MP: 4/7
   141 | D        | Reached XP level 6. HP: 35/62 MP: 4/8
   144 | D        | Reached * piety under Cheibriados
   145 | D        | Reached skill level 6 in Fighting
   145 | D        | Reached skill level 5 in Armour
   148 | D        | Killed a wraith
   149 | D        | Reached skill level 5 in Dodging
   157 | D        | Killed a vampire mosquito
   157 | D        | Reached ** piety under Cheibriados
   158 | D        | Reached skill level 7 in Fighting
   158 | D        | Reached skill level 5 in Axes
   158 | D        | Reached skill level 5 in Invocations
   158 | D        | Reached XP level 7. HP: 6/72 MP: 8/10
   159 | D        | Killed a wyvern
   159 | D        | HP: 3/72 [vampire (1)]
   165 | D        | Killed a vampire
   166 | D        | Reached XP level 8. HP: 47/81 MP: 9/12
   809 | D        | Noticed a shadow
   809 | D        | Noticed a white ugly thing
   809 | D        | Noticed a komodo dragon
   810 | D        | Reached *** piety under Cheibriados
   814 | D        | Killed a komodo dragon
   815 | D        | Reached skill level 8 in Fighting
   816 | D        | Slain by a white ugly thing

Illustrated notes

Levels and vault maps discovered:
D:        linesprint [early_d, line_temple, items_1, d_10, items_2, lair_1,
          lair_end, items_3, orc_1, orc_end, items_4, d_15, swamp_1, shoals_1,
          snake_1, spider_1, d_20, vaults_1, items_5, swamp_end, shoals_end,
          snake_end, spider_end, vaults_end, d_27, items_6, zot_1, zot_end,
          crypt_end, forest_end, elf_end, slime_end, tomb_end, abyss_end,
          pan_hell_end]

Skill      XL: |  1  2  3  4  5  6  7  8 |
---------------+-------------------------+-----
Shields        | 3 4 5 6 7 |  7.6
Dodging        | 1 2 4 5 6 |  6.3
Fighting       | 4 5 7 8 |  8.1
Maces & Flails | 3 4 |  4.2
Armour         | 3 4 5 6 |  6.8
Axes           | 3 5 6 |  6.4
Invocations    | 3 5 6 |  6.9

Action                     |  1- 3 |  4- 6 |  7- 9 || total
---------------------------+-------+-------+-------++-------
  Melee: Flail             |    35 |    14 |       ||    49
         Broad axe         |       |    16 |    10 ||    26
    Use: Potion            |     1 |     3 |     5 ||     9
         Scroll            |       |     1 |       ||     1
   Stab: Invisible         |       |     2 |       ||     2
 Armour: Scale mail        |    10 |    18 |     1 ||    29
  Dodge: Dodged            |     8 |    28 |    10 ||    46
  Block: Buckler           |    10 |    15 |     5 ||    30
